AoeStats
← 踏天南

Arena

511411237Analyzed
4v4 RM · 15d ago on Oct 4, 2026· 41m 23s· 8 players
Game mode
Random Map
Map size
Large (8 player)
Population
200
Speed
Normal
Resources
Standard
Victory
Conquest
Starting age
Dark Age
Ending age
Imperial Age
RankedLock teamsTeams togetherTeam positionsShared explorationLock speedFull tech treeHidden civsTurbo modeCheats
Victory
Defeat
🇨🇳 Wu · China
1094
+12
🇨🇳 Jurchens · China
1041
+14
🇦🇷 Spanish · Argentina
995
+16
🇬🇧 Inca · United Kingdom
985
+18
vs
🇦🇷 Berbers · Argentina
1036
-16
🇦🇷 Magyars · Argentina
1023
-16
🇺🇸 Celts · United States
988
-14
🇨🇴 Goths · Colombia
970
-14
Legatus
9:37 Feudal Age
10:48 Double-Bit Axe
11:58 Horse Collar
14:53 Loom
17:21 Castle Age
18:38 Bow Saw
22:18 Gambesons
22:46 Man-at-Arms
24:02 Long Swordsman
24:58 Heavy Plow
25:54 Arson
31:55 Scale Mail Armor
32:06 Forging
31:37 Pikeman
38:44 Imperial Age
H0TM1ILK
11:37 Feudal Age
12:54 Stone Mining
13:33 Loom
19:34 Castle Age
17:38 Gold Mining
18:23 Double-Bit Axe
18:33 Horse Collar
22:21 Bow Saw
22:30 Fletching
28:27 Bodkin Arrow
31:41 Padded Archer Armor
32:59 Stone Shaft Mining
34:26 Husbandry
34:37 Bloodlines
35:44 Kasbah
36:31 Wheelbarrow
36:22 Ballistics
38:45 Leather Archer Armor
Macanaky Industrial
11:00 Feudal Age
14:41 Castle Age
briantorresr25
10:24 Feudal Age
10:51 Horse Collar
14:55 Castle Age
14:41 Double-Bit Axe
14:39 Horse Collar
28:28 Anarchy
32:15 Imperial Age
30:20 Forging
30:17 Scale Mail Armor
30:50 Pikeman
31:31 Squires
32:04 Bow Saw
33:27 Perfusion
32:51 Halberdier
37:48 Wheelbarrow
36:58 Town Watch
HighTowerM8
0:27 Loom
11:56 Feudal Age
12:22 Double-Bit Axe
12:19 Horse Collar
12:26 Horse Collar
12:43 Gold Mining
14:20 Wheelbarrow
19:07 Castle Age
18:10 Stone Mining
20:36 Heavy Plow
20:46 Bow Saw
27:05 Hand Cart
27:53 Gold Shaft Mining
28:07 Stone Shaft Mining
32:07 Imperial Age
32:44 Forging
32:34 Scale Mail Armor
32:42 Fletching
33:20 Conscription
33:37 Fabric Shields
33:40 Andean Sling
33:31 Elite Skirmisher
34:32 Thumb Ring
35:35 Iron Casting
35:15 Chain Mail Armor
34:56 Bodkin Arrow
35:03 Padded Archer Armor
36:35 Chemistry
35:18 Treadmill Crane
35:51 Champi Runner
36:34 Squires
36:19 Arson
36:43 Champi Warrior
38:05 Elite Champi Warrior
39:18 Masonry
39:29 Ballistics
39:05 Murder Holes
39:24 Elite Kamayuk
41:10 Pikeman
42:32 Hoardings
踏天南
11:33 Feudal Age
15:13 Castle Age
13:35 Horse Collar
14:34 Wheelbarrow
14:35 Double-Bit Axe
16:58 Bow Saw
16:53 Heavy Plow
23:39 Hand Cart
29:15 Imperial Age
27:34 Bloodlines
27:24 Husbandry
27:35 Scale Barding Armor
27:41 Forging
29:06 Chain Barding Armor
30:06 Iron Casting
29:58 Loom
29:36 Elite Steppe Lancer
30:44 Town Watch
32:19 Plate Barding Armor
32:45 Blast Furnace
33:50 Fletching
34:46 Conscription
35:06 Hoardings
36:25 Thunderclap Bombs
37:16 Bodkin Arrow
38:05 Town Patrol
39:35 Chemistry
38:56 Ballistics
38:31 Murder Holes
38:48 Fortified Wall
38:43 Siege Engineers
38:49 Siege Engineers
39:05 Ballistics
38:41 Murder Holes
38:57 Fortified Wall
38:33 Arrowslits
38:31 Treadmill Crane
39:42 Crop Rotation
40:14 Two-Man Saw
39:18 Bracer
风吹奶罩飘
10:35 Feudal Age
14:33 Castle Age
15:16 Double-Bit Axe
22:23 Horse Collar
24:23 Bow Saw
24:17 Heavy Plow
25:28 Wheelbarrow
29:14 Imperial Age
27:58 Hand Cart
27:31 Loom
28:32 Treadmill Crane
30:15 Conscription
29:22 Elite Fire Archer
31:49 Two-Man Saw
30:52 Padded Archer Armor
30:42 Fletching
31:02 Gold Mining
32:17 Bodkin Arrow
32:40 Leather Archer Armor
33:20 Bracer
34:17 Red Cliffs Tactics
36:08 Ballistics
36:50 Chemistry
36:01 Masonry
36:29 Gold Shaft Mining
40:04 Sitting Tiger
Nick
9:37 Feudal Age
11:46 Double-Bit Axe
19:10 Castle Age
19:31 Bloodlines
20:18 Bow Saw
19:41 Light Cavalry
24:10 Loom
24:56 Horse Collar
26:34 Wheelbarrow
28:46 Hand Cart
37:48 Imperial Age
35:06 Town Watch
38:15 Forging
Connection lost

Rejoining the realm…

Still unreachable

The connection could not be restored.

Session expired

The server has moved on; the page needs a fresh start.